 Dungeon Crawl Stone Soup version 0.20.1-1-g8b1a95d (webtiles) character file.

1793 dohliylev the Covert (level 8, -2/52 HPs)
             Began as a Vampire Enchanter on Jan 1, 2018.
             Killed by divine providence
             ... invoked by an orc priest
              (14 damage)
             ... on level 6 of the Dungeon.
             The game lasted 00:18:01 (5915 turns).

dohliylev the Covert (Vampire Enchanter)            Turns: 5915, Time: 00:18:02

Health: -2/52      AC:  0    Str:  7    XL:     8   Next: 82%
Magic:  2/11       EV: 28    Int: 19    God:
Gold:   167        SH:  0    Dex: 20    Spells: 5/11 levels left

rFire    . . .     SeeInvis +   (weapon currently unavailable)
rCold    . . .     Gourm    .   (shield currently unavailable)
rNeg     + . .     Faith    .   (armour currently unavailable)
rPois    .         Spirit   .   (helmet currently unavailable)
rElec    .         Reflect  .   (cloak currently unavailable)
rCorr    .         Harm     .   (gloves currently unavailable)
MR       .....                  (boots currently unavailable)
Stlth    +++++++...             (no amulet)
Regen    0.2/turn               (ring currently unavailable)
MPRegen  0.2/turn               (ring currently unavailable)

@: bat-form, flying, very quick
A: fangs 3, see invisible
a: End Transformation


You were on level 6 of the Dungeon.
You were not thirsty.
You were in vampire-bat-form.
You visited 1 branch of the dungeon, and saw 6 of its levels.

You collected 167 gold pieces.

Inventory:

Hand Weapons
 a - a +1 dagger (melded)
 y - a cursed -3 dagger
Armour
 b - a +0 robe (melded)
 g - a +0 pair of gloves (melded)
 r - a +0 pair of boots (melded)
 s - a +0 helmet (melded)
 t - +0 ice dragon scales
 A - a scarf of repulsion (melded)
Jewellery
 j - a ring of positive energy (melded)
 D - an uncursed ring of resist corrosion {unknown}
Wands
 x - a wand of random effects (33/48)
Scrolls
 e - 3 scrolls of identify {unknown}
 h - 2 scrolls of teleportation {unknown}
 m - 3 scrolls of amnesia {unknown}
 n - a scroll of enchant armour {unknown}
 o - 2 scrolls of fear {unknown}
 p - a scroll of magic mapping {unknown}
 q - a scroll of recharging {unknown}
 u - 2 scrolls of remove curse {unknown}
 w - a scroll of blinking {unknown}
 B - a scroll of fog {unknown}
Potions
 d - 4 potions of blood
 f - a potion of might {unknown}
 i - a potion of agility
 k - a potion of resistance {unknown}
 l - 2 potions of curing {unknown}
 v - 2 potions of cancellation {unknown}
 z - a potion of mutation {unknown}
Books
 c - a book of Maledictions

   Spells                             Type                      Level
   a - Corona                         Hexes                        1
   b - Ensorcelled Hibernation        Hexes/Ice                    2
   c - Confuse                        Hexes                        3
   d - Tukima's Dance                 Hexes                        3
   e - Dazzling Spray                 Conjuration/Hexes            3
 C - a book of Conjurations

   Spells                             Type                      Level
   a - Magic Dart                     Conjuration                  1
   b - Searing Ray                    Conjuration                  2
   c - Dazzling Spray                 Conjuration/Hexes            3
   d - Fulminant Prism                Conjuration/Hexes            4
   e - Force Lance                    Conjuration/Translocation    4
   f - Iskenderun's Mystic Blast      Conjuration                  4


   Skills:
 - Level 5.3 Short Blades
 - Level 8.1 Dodging
 + Level 9.5 Stealth
 - Level 2.2 Spellcasting
 - Level 8.1 Hexes
 - Level 1.0 Ice Magic


You had 5 spell levels left.
You knew the following spells:

 Your Spells              Type           Power        Failure   Level  Hunger
a - Corona                Hex            ####...      1%          1    #......
b - Ensorcelled Hibernat  Hex/Ice        ###...       3%          2    ##.....
c - Confuse               Hex            ####....     1%          3    ###....


Dungeon Overview and Level Annotations

Branches:
Dungeon (6/15)
 Temple: D:4-7

Altars:
Fedhas
Ru
Vehumet

Shops:
D:5 (


Innate Abilities, Weirdness & Mutations

You have razor-sharp teeth.
You have supernaturally acute eyesight. (SInv)
((You can survive without breathing.))


Message History

The helpless orc fails to defend itself.
You spit the orc like a pig!!!
You kill the orc!
The orc priest closely misses you.
The orc priest calls down the wrath of Beogh upon you.
Beogh smites you!
The orc priest mumbles some strange prayers to Beogh against you.
Beogh smites you!
* * * LOW HITPOINT WARNING * * *
You turn into a vampire bat.
Your +1 dagger melds into your body.
Your scarf of repulsion melds into your body.
Your +0 helmet melds into your body.
Your +0 pair of gloves melds into your body.
Your +0 pair of boots melds into your body.
Your +0 robe melds into your body.
Your ring of positive energy melds into your body.
The haze of the repulsion field disappears.
The orc priest invokes the aid of Beogh against you.
Beogh smites you!
You die...

# ##....## ## #......## ###.
#.......# ##... #.......# ##....
##.#....# #..... # #####...#..#
##..... ..########..#.......####
#......
.....†)..)...o.ob......####......
..######......####........#......
. #........########.........
##........## #####....(
#..........## #.....
##...........## #.....
#.............## ##....
#..............# #....
#..............## #####


You could see an orc priest and an orc.

Vanquished Creatures
  Menkaure (D:4)
  2 phantoms (D:5)
  2 ogres
  4 centaurs
  A necrophage (D:6)
  2 scorpions (D:4)
  2 bullfrog zombies (D:5)
  3 crimson imps
  A hound (D:4)
  An orc priest (D:4)
  Ijyb (D:4)
  A bullfrog skeleton (D:4)
  Jessica (D:2)
  An iguana (D:3)
  5 worker ants
  Natasha (twice) (D:2)
  5 orc wizards
  A hound zombie (D:5)
  A worker ant zombie (D:6)
  7 adders
  An ooze (D:4)
  2 adder skeletons (D:4)
  An adder zombie (D:5)
  A worm (D:4)
  2 dart slugs
  4 leopard geckos
  24 orcs
  4 bats
  2 giant cockroaches
  2 hobgoblins
  4 jackals (D:3)
  A quokka (D:2)
  A ball python (D:1)
  4 frilled lizards
  3 goblins
  3 kobolds (D:3)
  A leopard gecko skeleton (D:5)
  3 rats
107 creatures vanquished.

Notes
Turn   | Place    | Note
-------+----------+-------------------------------------------
     0 | D:1      | dohliylev the Vampire Enchanter began the quest for the Orb.
     0 | D:1      | Reached XP level 1. HP: 13/13 MP: 3/3
   378 | D:2      | Noticed Jessica
   385 | D:3      | Noticed an orc wizard
   386 | D:3      | Killed an orc wizard
   386 | D:3      | Reached skill level 5 in Stealth
   386 | D:3      | Reached skill level 5 in Hexes
   386 | D:3      | Reached XP level 2. HP: 19/19 MP: 5/5
   388 | D:3      | Reached XP level 3. HP: 24/24 MP: 6/6
   476 | D:1      | Learned a level 2 spell: Ensorcelled Hibernation
   483 | D:2      | Killed Jessica
   580 | D:2      | Found a blossoming altar of Fedhas.
   808 | D:2      | Reached XP level 4. HP: 30/30 MP: 2/7
   858 | D:2      | Learned a level 3 spell: Confuse
   866 | D:2      | Found a sacrificial altar of Ru.
   951 | D:2      | Noticed Natasha
   962 | D:2      | Killed Natasha
   962 | D:2      | Reached skill level 6 in Stealth
  1136 | D:2      | Noticed Natasha
  1158 | D:2      | Killed Natasha
  1158 | D:2      | Reached skill level 7 in Stealth
  1327 | D:3      | Reached XP level 5. HP: 28/35 MP: 5/8
  1329 | D:3      | Reached skill level 1 in Ice Magic
  1825 | D:3      | Reached skill level 8 in Stealth
  2125 | D:4      | Noticed Menkaure
  2140 | D:4      | Killed Menkaure
  2140 | D:4      | Reached XP level 6. HP: 21/41 MP: 3/9
  2377 | D:4      | Noticed Ijyb
  2383 | D:4      | Killed Ijyb
  2492 | D:4      | HP: 1/41 [orc priest/divine providence (15)]
  2514 | D:5      | Entered Level 5 of the Dungeon
  2812 | D:5      | Reached skill level 5 in Short Blades
  2871 | D:5      | Reached XP level 7. HP: 46/46 MP: 7/10
  2878 | D:5      | Found Jeyxul's Weapon Shoppe.
  3112 | D:5      | Reached skill level 5 in Dodging
  3703 | D:4      | Found a radiant altar of Vehumet.
  3905 | D:4      | Reached XP level 8. HP: 52/52 MP: 6/11
  5713 | D:6      | Reached skill level 9 in Stealth
  5915 | D:6      | Killed from afar by an orc priest

Skill      XL: |  1  2  3  4  5  6  7  8 |
---------------+-------------------------+-----
Stealth        | 5 7 8 9 |  9.5
Hexes          | 5 8 |  8.1
Ice Magic      | 1 |  1.0
Short Blades   | 3 5 |  5.3
Dodging        | 3 6 8 |  8.1
Spellcasting   | |  2.2

Action                   |  1- 3 |  4- 6 |  7- 9 || total
-------------------------+-------+-------+-------++-------
Melee: Dagger            |    25 |   113 |   159 ||   297
       Bite              |     1 |     9 |    12 ||    22
 Cast: Corona            |     4 |       |       ||     4
       Ensorcelled Hiber |     4 |    37 |    67 ||   108
       Confuse           |       |     4 |    12 ||    16
 Abil: Bat Form          |       |     1 |     1 ||     2
       End Transformatio |       |     1 |       ||     1
  Use: Potion            |       |       |     1 ||     1
 Stab: Sleeping          |     7 |    30 |    40 ||    77
       Confused          |       |     4 |    11 ||    15
  Eat: Corpse            |     4 |     6 |    12 ||    22
Armor: Robe              |     4 |    15 |    12 ||    31
Dodge: Dodged            |    10 |    56 |    95 ||   161
